 Dungeon Crawl Stone Soup version 0.31-a0-496-g6f97920a28 (webtiles) character file.

Game seed: 8884523999913072168

35 AstroCodex24 the Covered (level 3, 0/4 HPs)
             Began as a Demigod Fighter on Aug 8, 2023.
             Slain by a ball python (2 damage)
             ... on level 1 of the Dungeon.
             The game lasted 00:04:41 (749 turns).

AstroCodex24 the Covered (Demigod Fighter)           Turns: 749, Time: 00:04:42

Health: 0/4        AC: 12    Str: 31    XL:     3   Next: 4%
Magic:  5/5        EV:  7    Int: 10    God:
Gold:   5          SH:  0    Dex: 13    Spells: 2/2 levels left

rFire   + + .        a - melded +0 war axe
rCold   x . .        c - melded +0 buckler
rNeg    . . .        b - melded +0 scale mail
rPois   +            (helmet currently unavailable)
rElec   .            (cloak currently unavailable)
rCorr   .            (gloves currently unavailable)
SInv    .            (boots currently unavailable)
Will    .....        (no amulet)
Stlth   +            (no ring)
HPRegen 0.20/turn    (no ring)
MPRegen 0.09/turn

%: no passive effects
@: short of breath, dragon-form, flying
A: dragon claw, dragon scales, breathe fire, flying, reduced hp, giant, high MP
1, forlorn, divine attributes
a: Breathe Fire, Begin Untransformation


You were on level 1 of the Dungeon.
You were a fearsome dragon!
You visited 1 branch of the dungeon, and saw 2 of its levels.

You collected 5 gold pieces.

Inventory:

Hand Weapons
 a - a +0 war axe (melded)
Armour
 b - a +0 scale mail (melded)
 c - a +0 buckler (melded)
Talismans
 h - a dragon-blood talisman (active)
Scrolls
 e - a scroll of torment {unknown}
 i - a scroll of amnesia {unknown}
Potions
 d - a potion of might
 f - a potion of haste {unknown}
 g - a potion of mutation {unknown}
 j - a potion of resistance {unknown}


   Skills:
 + Level 2.9 Fighting
 + Level 2.4 Axes
 + Level 3.0 Armour
 + Level 0.1 Dodging
 + Level 0.1 Stealth
 + Level 3.0 Shields


You had 2 spell levels left.
You didn't know any spells.
Your spell library was empty.

Dungeon Overview and Level Annotations

Branches:
Dungeon (2/15)


Innate Abilities, Weirdness & Mutations

You are a fearsome dragon!
You have a powerful clawing attack.
Your giant scaled body is strong and resiliant, but less evasive.
You can breathe fire.
You are flying.
Your maximum health is decreased, since you lack skill for your form.
Your armour is entirely melded.
You are incapable of wielding weapons or throwing items.
You have an increased reservoir of magic. (+10% MP)
You shall have no god before yourself.
Your divine heritage dramatically boosts your attributes as you level up.


Message History

The quokka closely misses you.
You bite the quokka!!
You kill the quokka!
You have reached level 3!
Your experience leads to a dramatic increase in your attributes!
Your base attributes are Str 17, Int 10, Dex 13.
Increase (S)trength, (I)ntelligence, or (D)exterity?
You feel stronger. x4
You see here a quokka corpse.
A ball python comes into view.
An endoplasm comes into view.
The ball python hisses angrily.
Aiming: Breathe Fire (1% risk of failure)
Press: ? - help, Shift-Dir - straight line, f - ball python
Aim: a ball python (64% to hit)
You breathe a blast of fire.
The fiery breath hits the ball python!
You kill the ball python!
A ball python comes into view.
A rat comes into view.
The endoplasm hits you but does no damage.
You claw the endoplasm!
You kill the endoplasm!
Found a robe.
The ball python bites you but does no damage.
The ball python bites you.
Ouch! That really hurt!
* * * LOW HITPOINT WARNING * * *
You barely miss the ball python. The ball python closely misses you.
You closely miss the ball python. Your bite misses the ball python.
The ball python closely misses you.
You barely miss the ball python. The rat bites you but does no damage.
The ball python barely misses you.
You hit the rat.
The rat is severely wounded.
The rat bites you but does no damage. The ball python barely misses you.
You closely miss the rat.
The rat is severely wounded.
The ball python bites you.
Ouch! That really hurt!
You die...

#.#.#.♣.# #.8.#..#
#.#..#.# #.#.#...#
......#.#. ##....#
.....###.♣. ##..####
......#.#.#. #.....#
.....#.# #.#.#.....#
....#.⌠.# #.⌠.#....#
.....#.#. ##.#.....#####
.....### ####..Dr......
....#.## ⌠.##...S.......
....##.##.##.....†......
....##...#..#......#..#.
#....†.....###..........
#####..#..## #.........#
##.##.# #..######.#
#.##.####.[ #...
######........ ###.#.#


You could see a ball python and a rat.

Vanquished Creatures
  4 endoplasms (D:1)
  A giant cockroach (D:1)
  2 goblins (D:1)
  3 hobgoblins (D:1)
  5 quokkas (D:1)
  3 ball pythons (D:1)
  A bat (D:1)
  12 frilled lizards (D:1)
  2 kobolds (D:1)
  A rat (D:1)
34 creatures vanquished.

Notes
Turn   | Place    | Note
-------+----------+-------------------------------------------
     0 | D:1      | AstroCodex24 the Demigod Fighter began the quest for the
                  | Orb.
     0 | D:1      | Reached XP level 1. HP: 18/18 MP: 3/3
   129 | D:1      | Reached XP level 2. HP: 18/25 MP: 4/4
   723 | D:1      | Reached XP level 3. HP: 4/30 MP: 5/5
   749 | D:1      | Slain by a ball python

Illustrated notes

Levels and vault maps discovered:
D:1:      roderic_crop_circles_arrival_small, layout_rooms,
          grunt_decor_mini_mirrors, minmay_lizard_pond
D:2:      layout_basic, shapermc_ecumenical_altar_mp_highgroup, uniq_robin

Skill      XL: |  1  2 |
---------------+-------+-----
Armour         | 3 |  3.0
Shields        | 3 |  3.0
Axes           | 2 |  2.4
Fighting       | |  2.9
Dodging        | |  0.1
Stealth        | |  0.1

Action                     || total
---------------------------++-------
  Melee: War axe           ||   273
         Unarmed           ||     8
Ability: Breathe Fire      ||     2
 Armour: Scale mail        ||    67
         Skin              ||     4
  Dodge: Dodged            ||    54
  Block: Buckler           ||    22
   Form: Dragon            ||     1

Table legend: (Time is in decaauts)
 A = Elapsed time spent in this place.
 B = Non-inter-level travel time spent in this place.
 C = Inter-level travel time spent in this place.
 D = Time resting spent in this place.
 E = Time spent auto-exploring this place.
 F = Levels seen in this place.
 G = Mean time per level.
                   A        B        C        D        E       F      G
               +--------+--------+--------+--------+--------+-----+--------+
         Total |    869 |    866 |      3 |      0 |      0 |   2 |  434.5 |
       Dungeon |    869 |    866 |      3 |      0 |      0 |   2 |  434.5 |
               +--------+--------+--------+--------+--------+-----+--------+

Top non-repeatable levels by time:
     D:1: 830 daAuts
     D:2: 38 daAuts
